Map: Complesso Moebius XX-1

Players

Simander - Winner!

  • Race: Terran Terran
  • League: Silver

qisyq - Winner!

  • Race: Terran Terran
  • League: Gold

Jhyrachy - Winner!

  • Race: Zerg Zerg
  • League: Gold

maumau - Winner!

  • Race: Zerg Zerg

Mclovin

  • Race: Protoss Protoss

mrMember

  • Race: Protoss Protoss

MrToilet

  • Race: Protoss Protoss

Kralle

  • Race: Terran Terran
  • League: Gold

VOD

Have the link to the VOD?

Description

Time

  • Played on: May 5, 2016, 5:49 p.m.
  • Length: 25:53
Show
View Real Time Build Order
Export as new Build Order

Simander Terran - Winner!

Build Orders: MMM Bio 

Get SALT Encoding   

  12  0:00  SCV  
  13  0:13  SCV  
  14  0:18  Supply Depot  
  14  0:25  SCV  
  15  0:40  SCV  
  16  0:43  Barracks  
  16  0:52  SCV  
  17  0:59  Supply Depot  
  17  1:04  SCV  
  18  1:16  SCV  
  19  1:21  Refinery  
  19  1:28  Barracks  
  19  1:31  Marine  
  20  1:36  Engineering Bay  
  20  1:39  Orbital Command  
  20  1:49  Marine  
  21  2:05  Refinery  
  21  2:08  Missile Turret  
  21  2:14  Marine  
  22  2:15  Marine  
  23  2:27  Factory  
  23  2:29  Missile Turret  
  23  2:32  Supply Depot  
  23  2:37  SCV  
  24  2:40  Barracks Tech Lab  
  24  2:52  SCV  
  25  2:59  Combat Shields  
  25  3:01  Marine x2  
  27  3:11  Widow Mine  
  29  3:21  Missile Turret  
  29  3:23  Marine x2  
  29  3:24  SCV  
  32  3:32  Starport  
  32  3:40  Widow Mine  
  34  3:48  Terran Infantry Weapons Level 1  
  34  3:51  Marine x2  
  36  4:14  Command Center  
  36  4:19  Widow Mine  
  38  4:26  Supply Depot  
  38  4:32  Medivac  
  38  4:33  Marine x2  
  42  4:49  Widow Mine  
  42  4:50  Marine  
  42  4:51  Marine  
  46  5:04  Starport Reactor  
  46  5:08  Marine  
  47  5:14  Marine  
  47  5:16  SCV  
  49  5:26  Marine  
  50  5:29  Missile Turret  
  50  5:47  Widow Mine  
  50  5:48  Medivac  
  50  5:49  Viking  
  56  5:50  Marine  
  56  5:51  Marine, Stimpack  
  58  5:58  Terran Infantry Armor Level 1  
  58  6:03  Armory  
  58  6:09  Orbital Command  
  58  6:17  Missile Turret  
  58  6:27  Starport  
  58  6:34  SCV  
  59  6:46  SCV  
  60  6:52  Missile Turret  
  60  6:55  Viking  
  60  6:58  Factory Tech Lab  
  62  7:15  SCV x2  
  64  7:24  Missile Turret  
  64  7:29  Refinery  
  64  7:30  SCV x2  
  66  7:40  Supply Depot  
  66  7:49  Supply Depot  
  66  7:52  Marine  
  66  7:53  Marine  
  68  7:59  Terran Ship Weapons Level 1  
  68  8:01  Thor, Starport Reactor  
  68  8:03  Supply Depot  
  74  8:12  Supply Depot  
  74  8:15  Marine x2  
  74  8:18  Viking  
  74  8:19  Viking  
  80  8:31  Terran Infantry Weapons Level 2  
  80  8:33  Marine x2  
  82  8:35  SCV x2  
  84  8:44  Refinery  
  84  8:54  Viking x2  
  88  8:56  Widow Mine  
  88  8:59  Marine x2  
  92  9:10  Supply Depot  
  92  9:16  Supply Depot  
  92  9:17  Marine x2, Supply Depot  
  94  9:26  Medivac  
  94  9:27  Viking, Medivac  
  100  9:34  Marine x2, Supply Depot  
  100  9:37  SCV x2  
  104  9:41  Supply Depot  
  104  9:46  Viking  
  104  9:48  Widow Mine  
  104  9:49  SCV  
  104  9:50  SCV  
  104  9:52  Marine x2  
  111  9:56  Medivac  
  114  10:10  Marine x2  
  116  10:16  SCV x2  
  116  10:19  Viking x2  
  116  10:20  Viking  
  124  10:21  Widow Mine  
  124  10:28  Marine x2  
  127  10:29  Terran Ship Weapons Level 2  
  127  10:50  Terran Infantry Weapons Level 3  
  127  10:53  Marine x2  
  129  11:00  Supply Depot  
  128  11:11  Marine x2  
  128  11:14  Viking x2  
  128  11:15  Viking  
  136  11:22  Supply Depot  
  134  11:28  Viking  
  134  11:29  Marine x2  
  138  11:45  Supply Depot  
  134  12:01  Viking x4  
  134  12:02  Marine x2  
  134  12:08  Supply Depot  
  144  12:19  Marine  
  144  12:20  Marine  
  146  12:31  Viking x2  
  146  12:34  Viking  
  152  12:37  Marine  
  153  12:45  Terran Vehicle And Ship Armor Level 1  
  153  12:51  Marine  
  154  12:52  Widow Mine  
  154  12:55  Marine  
  155  13:24  Viking x4  
  163  13:54  Viking x2  
  145  14:24  Viking x4  
  145  14:25  Marine x2  
  155  14:43  Marine x2  
  153  15:01  Marine x2  
  155  15:21  Viking x2  
  155  15:22  Marine x2, Viking x2  
  155  15:40  Marine x2  
  149  15:58  Marine  
  133  16:39  Terran Ship Weapons Level 3  
  131  16:40  Terran Infantry Armor Level 2  
Show
View Real Time Build Order
Export as new Build Order

qisyq Terran - Winner!

Build Orders: MMM Bio 

Get SALT Encoding   

  12  0:02  SCV  
  13  0:14  SCV  
  14  0:21  Supply Depot  
  14  0:26  SCV  
  15  0:42  SCV  
  16  0:44  Barracks  
  16  0:48  Refinery  
  16  0:54  SCV  
  17  1:02  Supply Depot  
  17  1:06  SCV  
  18  1:19  SCV  
  19  1:31  SCV  
  20  1:35  Marine  
  21  1:41  Engineering Bay  
  22  1:47  Orbital Command  
  22  1:53  Marine  
  22  2:10  Marine  
  22  2:14  Missile Turret  
  23  2:20  SCV  
  24  2:28  Marine  
  25  2:32  SCV  
  25  2:37  Barracks  
  26  2:41  Barracks  
  26  2:44  SCV  
  26  2:46  Marine  
  26  2:47  Refinery  
  26  2:49  Terran Infantry Weapons Level 1  
  28  3:04  Marine  
  29  3:12  SCV  
  30  3:14  Supply Depot  
  30  3:22  Marine  
  31  3:27  Barracks Tech Lab  
  31  3:30  Barracks Tech Lab  
  31  3:35  SCV  
  31  3:39  Marine, Barracks  
  33  3:41  Supply Depot  
  33  3:52  Combat Shields  
  33  3:54  Stimpack  
  33  3:55  Marine  
  34  4:04  Barracks Reactor  
  34  4:10  Command Center  
  34  4:12  Marine x2  
  36  4:20  Factory  
  36  4:30  Marine x2  
  38  4:34  SCV  
  38  4:37  Barracks Reactor  
  39  4:40  Marine  
  39  4:41  Marine  
  39  4:43  Terran Infantry Armor Level 1  
  41  4:48  Supply Depot  
  41  4:51  Supply Depot  
  41  5:07  Starport  
  41  5:08  Factory Reactor  
  41  5:11  Concussive Shells  
  41  5:16  Armory  
  41  5:22  Orbital Command  
  41  5:25  Missile Turret  
  41  5:30  SCV  
  42  5:39  Marine x3  
  42  5:40  Marine x2  
  42  5:42  Refinery, Marine  
  48  5:43  SCV  
  49  5:57  Starport  
  49  5:59  Marine  
  49  6:00  Marine x3  
  53  6:05  SCV x2  
  53  6:08  Refinery  
  55  6:17  Marine  
  55  6:18  Marine x3  
  59  6:40  Starport Tech Lab  
  59  6:41  Terran Infantry Weapons Level 2  
  59  6:49  Command Center, SCV x2  
  61  6:58  Barracks  
  61  7:01  SCV x2, Barracks  
  63  7:18  Medivac x3  
  69  7:24  SCV x2  
  71  7:31  Marine  
  71  7:32  Marine  
  71  7:36  SCV x2  
  75  7:46  Marine x3, Terran Vehicle And Ship Armor Level 1  
  78  7:58  Supply Depot  
  78  7:59  Supply Depot  
  78  8:01  Medivac  
  80  8:11  Orbital Command  
  80  8:15  SCV x2  
  82  8:20  Marine x3  
  82  8:21  Marine  
  82  8:24  Barracks Reactor  
  86  8:27  Barracks Reactor, SCV x2  
  88  8:34  Orbital Command  
  88  8:35  Medivac  
  88  8:36  Medivac  
  92  8:57  Terran Infantry Armor Level 2  
  92  9:04  Marauder x2  
  96  9:16  Barracks  
  96  9:17  Barracks x2  
  96  9:23  Marine x6  
  102  9:24  Marine x2  
  102  9:25  Marauder  
  102  9:26  Marauder  
  108  9:33  Supply Depot  
  108  9:35  Supply Depot  
  108  9:40  Terran Vehicle And Ship Armor Level 2  
  108  9:53  Refinery x2  
  108  9:56  Supply Depot  
  108  9:59  Supply Depot  
  108  10:04  Marauder x2  
  108  10:06  Barracks Tech Lab x2  
  112  10:08  Barracks Reactor, Marine x2  
  112  10:09  Marine x6  
  112  10:12  Medivac x2  
  124  10:18  Medivac  
  126  10:21  Supply Depot x3  
  126  10:25  Marauder  
  126  10:26  Marauder  
  130  10:28  Marine x2  
  130  10:29  Marine x2  
  134  10:42  Medivac x2  
  136  10:45  Supply Depot  
  136  10:46  Supply Depot  
  136  10:49  Factory Reactor  
  138  11:00  Engineering Bay  
  138  11:09  Supply Depot  
  138  11:10  Supply Depot  
  138  11:12  Marine x4  
  138  11:13  Marine x6, Terran Infantry Weapons Level 3  
  138  11:14  Marine x3  
  151  11:32  Supply Depot  
  151  11:34  Supply Depot  
  151  11:50  Marine x6  
  151  11:51  Marine x6  
  151  11:52  Marine x2  
  165  12:00  Medivac x3  
  171  12:07  Marine  
  171  12:08  Marine  
  172  12:16  Marine x6  
  172  12:17  Marine x4  
  172  12:18  Marine x2  
  184  12:35  Terran Infantry Armor Level 3  
  184  12:38  Terran Vehicle And Ship Armor Level 3  
  184  12:47  Marine x2  
  184  12:48  Marine x6  
  184  12:49  Marine  
  184  12:50  Marine x4  
  197  13:34  Marine x3  
  200  13:50  Hi-Sec Auto Tracking  
  187  14:08  Marine x7  
  187  14:09  Marine x6  
  181  14:10  Marine  
  179  14:25  Marine x2  
  179  14:26  Marine x4  
  179  14:28  Marine  
  179  14:29  Marine x6  
  179  14:30  Marine  
  188  14:46  Marine x2  
  188  14:47  Marine x7  
  197  14:58  Marine x3  
  200  15:56  Refinery  
  199  15:58  Command Center  
  199  15:59  Refinery  
  199  16:17  Marine  
  200  16:25  Marine x3  
  200  18:20  Command Center  
  200  18:22  Refinery  
  200  18:23  Refinery  
  200  18:38  Command Center  
Show
View Real Time Build Order
Export as new Build Order

Jhyrachy Zerg - Winner!

Build Orders: Pool First 

Get SALT Encoding   

  12  0:02  Drone  
  13  0:16  Drone  
  14  0:22  Extractor  
  14  0:24  Extractor  
  14  0:25  Drone x2  
  15  0:40  Spawning Pool  
  14  0:47  Overlord  
  14  1:07  Drone x2  
  14  1:08  Drone  
  17  1:19  Drone  
  18  1:29  Evolution Chamber  
  18  1:31  Queen  
  19  1:33  Overlord  
  19  1:41  Zergling x2  
  19  1:46  Metabolic Boost  
  20  1:53  Zergling x2  
  21  2:05  Zergling x2  
  22  2:16  Zergling x2  
  23  2:24  Zergling x2  
  24  2:40  Zergling x4  
  24  2:41  Zergling x4  
  28  2:44  Zerg Melee Weapons Level 1  
  28  3:20  Drone x2  
  28  3:23  Hatchery  
  29  3:27  Extractor  
  29  3:30  Drone x2  
  29  3:32  Overlord  
  25  4:44  Lair  
  25  4:47  Drone  
  25  4:48  Drone x7  
  25  4:49  Queen  
  35  5:10  Extractor  
  35  5:11  Drone  
  35  5:12  Drone x2, Extractor  
  35  5:13  Drone x2  
  38  5:24  Drone  
  39  5:30  Drone  
  39  5:31  Drone x3  
  43  5:41  Overlord x2  
  43  5:45  Spire  
  43  5:46  Drone  
  42  6:28  Overlord x2  
  42  6:29  Overlord  
  42  6:35  Drone x3  
  42  6:36  Overlord x3  
  45  7:04  Mutalisk  
  45  7:05  Mutalisk x8  
  63  7:26  Mutalisk  
  63  7:27  Mutalisk x4  
  73  7:40  Pneumatized Carapace  
  73  7:41  Hatchery  
  70  8:02  Zerg Flyer Armor Level 1  
  70  8:06  Queen  
  70  8:10  Zerg Melee Weapons Level 2  
  72  8:16  Evolution Chamber  
  72  8:18  Infestation Pit  
  70  8:36  Drone  
  70  8:37  Drone x16  
  70  8:38  Drone  
  79  9:55  Extractor  
  79  9:58  Drone x2  
  79  9:59  Drone, Extractor  
  80  10:00  Drone x3  
  83  10:11  Hive  
  83  10:16  Zerg Ground Armor Level 1  
  83  10:24  Hydralisk Den  
  82  10:44  Zerg Flyer Weapons Level 1  
  82  10:54  Lurker Den  
  82  11:14  Queen  
  82  11:16  Overlord x5  
  84  11:20  Hatchery  
  83  11:26  Corruptor x6  
  83  11:27  Corruptor x5  
  105  11:36  Corruptor  
  105  11:37  Corruptor x9  
  125  11:48  Zerg Melee Weapons Level 3  
  125  12:26  Ultralisk Cavern  
  125  12:27  Zerg Ground Armor Level 2  
  124  12:32  Adrenal Glands  
  124  12:49  Zerg Flyer Weapons Level 2  
  124  13:05  Zergling x2  
  125  13:06  Zergling x40  
  125  13:07  Zergling x12  
  151  13:34  Overseer  
  113  14:56  Corruptor x6  
  113  14:57  Corruptor x10  
  113  14:58  Corruptor x2  
  131  15:01  Overlord  
  131  15:02  Overlord x4  
  122  15:09  Zerg Ground Armor Level 3  
  104  15:58  Zergling x2  
  104  15:59  Zergling x24  
  104  16:00  Zergling x22  
  110  17:29  Zergling x2  
  111  17:30  Zergling x20  
  111  17:31  Zergling x42  
  142  17:41  Hatchery  
  142  17:43  Zergling x2  
  142  17:44  Zergling x28  
  156  20:21  Hatchery  
  156  20:41  Hatchery  
  156  20:56  Hatchery  
  156  20:57  Hatchery  
  156  20:58  Hatchery  
  156  20:59  Hatchery  
  156  21:01  Hatchery  
  156  21:02  Hatchery  
  156  21:03  Hatchery  
  156  21:05  Extractor  
  156  21:06  Extractor  
  156  21:07  Hatchery  
  156  21:10  Hatchery  
  156  23:04  Extractor  
  156  23:08  Extractor  
  156  23:24  Hatchery  
  156  23:54  Extractor  
  156  23:56  Extractor  
  156  25:26  Hatchery  
Show
View Real Time Build Order
Export as new Build Order

maumau Zerg - Winner!

Build Orders: Pool First 

Get SALT Encoding   

  12  0:02  Drone  
  13  0:22  Overlord  
  13  0:23  Drone  
  14  0:32  Overlord  
  14  0:50  Spawning Pool  
  14  0:51  Drone  
  14  0:52  Drone  
  15  0:59  Drone  
  16  1:10  Drone  
  17  1:17  Extractor, Drone  
  17  1:30  Hatchery  
  17  1:31  Drone  
  17  1:45  Spine Crawler  
  17  1:46  Drone  
  17  1:52  Spine Crawler  
  17  1:53  Drone  
  17  2:04  Drone  
  18  2:15  Drone  
  19  2:21  Drone  
  20  2:23  Queen  
  22  2:36  Drone  
  23  2:44  Drone  
  23  2:45  Drone, Roach Warren  
  24  2:51  Extractor  
  24  2:52  Drone  
  24  2:54  Drone  
  25  3:09  Lair  
  25  3:12  Drone x2  
  27  3:26  Drone x4  
  31  3:43  Drone x3  
  31  3:44  Drone  
  31  3:45  Evolution Chamber  
  31  3:47  Overlord  
  31  3:48  Overlord  
  34  4:15  Spire  
  33  4:22  Spine Crawler  
  32  4:26  Roach x3  
  32  4:27  Roach x3  
  44  4:31  Overseer  
  44  4:58  Hatchery  
  43  5:12  Roach x4  
  43  5:14  Overlord x2  
  51  5:17  Zerg Missile Weapons Level 1  
  51  5:22  Glial Reconstitution  
  51  5:49  Overseer  
  51  6:02  Roach x4  
  51  6:03  Roach x2  
  63  6:19  Drone  
  64  6:35  Mutalisk x2  
  68  6:40  Extractor x2  
  66  7:00  Drone x3  
  69  7:01  Queen  
  69  7:04  Mutalisk  
  73  7:09  Overlord x3  
  73  7:10  Overlord x2  
  73  7:18  Drone  
  73  7:22  Overlord  
  74  7:23  Overlord  
  74  7:31  Zerg Flyer Weapons Level 1  
  74  7:37  Queen  
  76  8:02  Mutalisk  
  76  8:03  Mutalisk x2  
  82  8:11  Zerg Ground Armor Level 1  
  82  8:13  Queen  
  84  8:22  Drone x2  
  83  9:02  Mutalisk x4  
  85  9:26  Mutalisk x2  
  85  9:27  Mutalisk  
  89  9:46  Zerg Flyer Armor Level 1, Mutalisk  
  91  10:02  Drone x3  
  94  10:28  Mutalisk x4  
  102  11:02  Hatchery  
  101  11:05  Drone x5  
  106  11:11  Overseer  
  106  11:24  Corruptor x2  
  106  11:25  Corruptor x2  
  114  11:57  Overlord x5  
  114  11:58  Overlord x2  
  114  12:08  Infestation Pit  
  113  12:33  Corruptor  
  113  12:34  Corruptor x3  
  121  12:46  Hive  
  121  12:52  Drone  
  121  12:53  Drone x2  
  124  13:15  Pneumatized Carapace  
  124  13:24  Corruptor x2  
  124  13:25  Corruptor  
  58  14:44  Mutalisk x2  
  58  14:45  Mutalisk x6  
  56  14:46  Mutalisk x4  
  56  14:51  Zergling x10  
  59  15:20  Mutalisk x4  
  28  15:37  Roach x3  
  28  15:38  Roach x2  
  34  16:14  Hatchery  
  33  16:56  Greater Spire  
  33  17:44  Drone  
  33  17:45  Drone  
Show
View Real Time Build Order
Export as new Build Order

Mclovin Protoss 

Build Orders:  

Get SALT Encoding   

  12  0:01  Probe (Chrono Boost)  
  13  0:11  Probe (Chrono Boost)  
  14  0:22  Pylon  
  14  0:25  Probe (Chrono Boost)  
  15  0:36  Assimilator  
  15  0:41  Probe (Chrono Boost)  
  16  0:51  Probe (Chrono Boost)  
  17  1:00  Gateway  
  17  1:02  Probe (Chrono Boost)  
  18  1:10  Assimilator  
  18  1:12  Probe (Chrono Boost)  
  18  1:14  Pylon  
  19  1:23  Probe (Chrono Boost)  
  20  1:33  Probe (Chrono Boost)  
  21  1:44  Probe (Chrono Boost)  
  22  1:52  Cybernetics Core  
  22  1:54  Probe (Chrono Boost)  
  22  1:55  Pylon  
  23  2:14  Nexus  
  23  2:19  Probe (Chrono Boost)  
  24  2:31  Stargate  
  24  2:35  Probe (Chrono Boost)  
  25  2:41  Protoss Air Weapons Level 1 (Chrono Boost)  
  25  2:49  Probe  
  26  3:00  Robotics Facility  
  26  3:01  Probe  
  27  3:06  Stargate  
  27  3:13  Probe  
  28  3:25  Probe  
  29  3:32  Assimilator  
  29  3:37  Assimilator  
  29  3:40  Probe  
  30  3:51  Probe  
  30  3:55  Fleet Beacon  
  31  3:58  Pylon  
  31  4:01  Probe  
  32  4:12  Probe  
  33  4:23  Probe, Protoss Air Armor Level 1 (Chrono Boost)  
  34  4:33  Probe  
  34  4:36  Observer  
  36  4:40  Void Ray  
  36  4:44  Probe, Void Ray  
  45  4:54  Probe  
  46  5:05  Probe  
  47  5:10  Observer  
  48  5:15  Probe  
  49  5:22  Void Ray  
  49  5:26  Probe  
  54  5:29  Cybernetics Core  
  54  5:34  Stargate  
  53  5:36  Probe  
  53  5:37  Void Ray  
  58  5:45  Observer  
  58  5:47  Probe  
  60  5:57  Probe  
  61  6:08  Probe  
  62  6:27  Pylon  
  62  6:29  Pylon  
  62  6:31  Pylon  
  62  6:34  Pylon  
  62  6:37  Pylon  
  62  6:43  Probe  
  62  6:44  Void Ray, Warp Prism  
  62  6:46  Void Ray  
  75  6:47  Mothership Core  
  75  6:49  Void Ray  
  79  6:55  Protoss Air Weapons Level 2 (Chrono Boost)  
  79  7:01  Probe  
  80  7:09  Pylon  
  80  7:12  Probe, Pylon  
  80  7:15  Pylon  
  81  7:18  Pylon  
  81  7:21  Observer  
  81  7:22  Probe, Pylon  
  82  7:25  Pylon  
  83  7:33  Probe  
  84  7:42  Protoss Air Armor Level 2 (Chrono Boost)  
  84  7:43  Probe  
  91  8:00  Nexus  
  90  8:33  Assimilator, Pylon  
  90  8:34  Assimilator  
  90  8:35  Pylon  
  90  8:37  Pylon  
  90  8:41  Void Ray x3  
  102  9:24  Void Ray  
  106  9:28  Probe  
  107  9:34  Tempest x2 (Chrono Boost)  
  115  9:38  Probe  
  116  9:49  Probe  
  117  9:59  Probe  
  117  10:01  Protoss Air Weapons Level 3 (Chrono Boost)  
  122  10:11  Probe  
  122  10:12  Tempest (Chrono Boost)  
  123  10:17  Tempest x2 (Chrono Boost)  
  131  10:26  Probe  
  132  10:38  Probe  
  137  10:50  Probe  
  137  10:54  Tempest (Chrono Boost)  
  137  10:56  Tempest (Chrono Boost)  
  142  10:59  Tempest (Chrono Boost)  
  142  11:02  Probe  
  147  11:14  Probe  
  148  11:55  Tempest (Chrono Boost)  
  148  11:56  Tempest (Chrono Boost)  
  148  12:01  Tempest (Chrono Boost)  
  160  12:30  Pylon  
  160  12:32  Pylon  
  160  12:33  Void Ray x2 (Chrono Boost)  
  160  12:35  Pylon  
  168  12:38  Pylon  
  168  12:40  Nexus, Pylon  
  168  12:43  Pylon x2  
  168  12:44  Void Ray (Chrono Boost)  
  172  12:45  Pylon  
  172  12:47  Pylon x2  
  172  12:49  Pylon  
  172  13:40  Assimilator  
  172  13:42  Assimilator  
  80  14:20  Tempest (Chrono Boost)  
  80  14:22  Mothership Core  
  48  14:53  Mothership Core  
  33  15:19  Probe  
  32  15:29  Probe  
  32  15:34  Pylon  
  33  15:40  Probe  
  34  15:44  Gateway  
  34  15:50  Probe  
  34  15:54  Gateway  
  35  16:01  Probe, Gateway  
  17  16:31  Forge  
  16  16:34  Cybernetics Core  
  15  16:41  Probe  
  16  16:52  Probe  
  17  17:02  Probe  
  18  17:13  Probe  
Show
View Real Time Build Order
Export as new Build Order

mrMember Protoss 

Build Orders:  

Get SALT Encoding   

  12  0:04  Probe (Chrono Boost)  
  13  0:15  Probe (Chrono Boost)  
  14  0:44  Pylon  
  14  0:47  Assimilator  
  14  0:54  Assimilator  
  14  1:08  Gateway  
  14  1:15  Probe (Chrono Boost)  
  16  1:25  Probe (Chrono Boost)  
  16  1:32  Pylon  
  16  1:38  Probe (Chrono Boost)  
  17  1:40  Pylon  
  17  1:49  Probe (Chrono Boost)  
  18  1:59  Probe (Chrono Boost)  
  19  2:16  Probe (Chrono Boost)  
  20  2:27  Probe (Chrono Boost)  
  20  2:29  Cybernetics Core  
  21  2:37  Forge  
  21  2:45  Pylon  
  21  2:49  Probe (Chrono Boost)  
  22  3:00  Probe (Chrono Boost)  
  23  3:06  Pylon  
  23  3:10  Probe (Chrono Boost)  
  24  3:32  Stargate  
  9  4:27  Probe (Chrono Boost)  
  10  4:35  Photon Cannon  
  10  4:38  Photon Cannon, Mothership Core (Chrono Boost)  
  12  4:43  Fleet Beacon  
  12  4:45  Nexus  
  12  5:10  Probe (Chrono Boost)  
  14  5:21  Probe (Chrono Boost)  
  14  5:31  Probe (Chrono Boost), Pylon  
  15  5:42  Probe (Chrono Boost)  
  16  5:53  Probe (Chrono Boost)  
  17  6:00  Probe (Chrono Boost)  
  17  6:03  Probe (Chrono Boost)  
  18  6:14  Probe (Chrono Boost)  
  18  6:15  Probe (Chrono Boost)  
  20  6:21  Carrier (Chrono Boost)  
  20  6:25  Probe (Chrono Boost)  
  27  6:34  Probe (Chrono Boost)  
  27  6:38  Probe (Chrono Boost)  
  29  6:45  Probe (Chrono Boost)  
  30  6:49  Protoss Shields Level 1 (Chrono Boost)  
  30  6:55  Protoss Air Weapons Level 1  
  30  7:00  Probe (Chrono Boost)  
  31  7:05  Probe (Chrono Boost)  
  32  7:11  Pylon  
  32  7:13  Probe (Chrono Boost)  
  33  7:16  Probe (Chrono Boost)  
  34  7:29  Probe x2 (Chrono Boost)  
  36  7:55  Carrier  
  36  7:57  Probe  
  36  8:00  Probe  
  37  8:07  Assimilator  
  37  8:09  Assimilator, Probe  
  37  8:12  Probe  
  45  8:21  Probe  
  45  8:24  Probe  
  47  8:49  Probe x2  
  43  9:06  Stargate  
  43  9:10  Photon Cannon  
  43  9:15  Photon Cannon  
  43  9:18  Photon Cannon  
  39  9:35  Carrier (Chrono Boost)  
  39  9:37  Photon Cannon  
  39  9:38  Photon Cannon  
  45  9:51  Probe  
  46  9:58  Photon Cannon  
  46  10:00  Photon Cannon  
  46  10:02  Photon Cannon  
  46  10:03  Probe  
  46  10:05  Photon Cannon  
  47  10:08  Carrier (Chrono Boost)  
  53  10:23  Twilight Council  
  53  10:33  Probe  
  54  10:45  Probe  
  61  10:57  Probe, Carrier (Chrono Boost)  
  62  11:09  Probe  
  69  11:20  Protoss Air Armor Level 1  
  69  11:21  Probe  
  70  11:33  Probe  
  71  11:45  Probe  
  78  11:47  Carrier (Chrono Boost)  
  78  11:56  Protoss Shields Level 2  
  78  11:57  Probe  
  79  12:10  Probe  
  80  12:22  Probe  
  81  12:32  Graviton Catapult  
  81  12:44  Pylon  
  81  12:46  Pylon  
  81  12:55  Nexus  
  81  13:03  Carrier (Chrono Boost)  
  93  13:13  Carrier (Chrono Boost)  
  93  13:27  Photon Cannon  
  93  13:32  Photon Cannon  
  93  13:34  Photon Cannon  
  93  13:44  Photon Cannon  
  99  14:18  Carrier (Chrono Boost)  
  79  15:16  Carrier (Chrono Boost)  
  79  15:18  Probe  
  86  15:26  Assimilator  
  86  15:28  Probe  
  86  15:31  Assimilator  
  87  15:39  Probe  
  88  15:47  Stargate  
  88  15:49  Probe  
  70  15:52  Carrier (Chrono Boost)  
  70  15:56  Mothership Core  
  79  16:02  Protoss Air Weapons Level 2  
  84  16:56  Carrier (Chrono Boost)  
  95  17:07  Carrier (Chrono Boost)  
Show
View Real Time Build Order
Export as new Build Order

MrToilet Protoss 

Build Orders:  

Get SALT Encoding   

  12  1:25  Probe (Chrono Boost)  
  13  1:28  Pylon  
  13  1:30  Pylon  
  13  1:33  Pylon  
  13  1:34  Assimilator  
  13  1:35  Probe (Chrono Boost)  
  13  1:39  Assimilator  
  14  1:42  Pylon  
  14  1:43  Pylon  
  14  1:46  Probe (Chrono Boost)  
  15  1:51  Forge  
  15  1:56  Probe (Chrono Boost)  
  16  2:01  Gateway  
  16  2:05  Pylon  
  16  2:07  Probe (Chrono Boost)  
  17  2:17  Probe (Chrono Boost)  
  18  2:24  Gateway  
  18  2:28  Probe (Chrono Boost)  
  19  2:31  Pylon  
  19  2:38  Probe (Chrono Boost)  
  19  2:41  Gateway  
  20  2:49  Probe (Chrono Boost)  
  20  2:50  Photon Cannon  
  21  3:05  Pylon  
  21  3:11  Pylon  
  21  3:19  Cybernetics Core  
  21  3:21  Probe (Chrono Boost)  
  22  3:30  Protoss Ground Weapons Level 1 (Chrono Boost)  
  22  3:39  Pylon  
  22  3:45  Photon Cannon  
  22  3:57  Photon Cannon  
  22  4:13  Warp Gate  
  22  4:24  Photon Cannon  
  22  4:25  Gateway  
  22  4:33  Gateway  
  22  4:45  Twilight Council  
  22  4:56  Robotics Facility  
  22  5:08  Probe  
  22  5:10  Protoss Ground Armor Level 1 (Chrono Boost)  
  23  5:17  Assimilator  
  23  5:19  Assimilator  
  23  5:31  Mothership Core (Chrono Boost)  
  25  5:51  Blink  
  25  6:06  Nexus  
  25  6:30  Observer  
  26  7:00  Protoss Ground Weapons Level 2 (Chrono Boost)  
  26  7:18  Pylon  
  26  7:20  Forge  
  26  7:40  Pylon  
  26  7:49  Probe (Chrono Boost)  
  27  7:54  Protoss Ground Armor Level 2 (Chrono Boost)  
  27  8:00  Probe  
  28  8:12  Probe  
  28  8:39  Stalker x2  
  28  8:40  Stalker x3  
  38  8:53  Gateway x2  
  38  8:56  Gateway  
  38  8:59  Gateway  
  38  9:10  Protoss Ground Weapons Level 3 (Chrono Boost)  
  38  9:36  Probe  
  39  9:49  Probe  
  40  9:58  Protoss Ground Armor Level 3 (Chrono Boost)  
  40  10:01  Probe  
  41  10:08  Nexus  
  41  10:12  Pylon  
  41  10:30  Observer  
  41  10:34  Pylon  
  42  10:37  Photon Cannon  
  42  10:56  Assimilator  
  42  11:00  Assimilator  
  42  11:23  Probe  
  43  11:26  Protoss Shields Level 1 (Chrono Boost)  
  43  11:35  Probe  
  44  11:47  Probe  
  45  11:59  Probe  
  46  12:12  Probe  
  47  12:18  Stalker  
  47  12:19  Stalker x5  
  47  12:20  Stalker x3  
  65  12:40  Probe  
  66  12:50  Probe  
  67  13:01  Probe  
  68  13:12  Protoss Shields Level 2 (Chrono Boost)  
  68  13:23  Probe  
  69  13:31  Sentry x7  
  69  13:32  Sentry x2  
  87  13:35  Probe  
  88  13:47  Probe  
Show
View Real Time Build Order
Export as new Build Order

Kralle Terran 

Build Orders: Reaper Expand, MMM Bio 

Get SALT Encoding   

  12  0:01  SCV  
  13  0:13  SCV  
  14  0:21  Supply Depot  
  14  0:25  SCV  
  15  0:41  Refinery  
  15  0:42  SCV  
  16  0:44  Barracks  
  16  0:54  SCV  
  17  1:06  SCV  
  18  1:19  SCV  
  19  1:31  Orbital Command  
  19  1:32  Reaper  
  20  1:43  Command Center  
  20  1:56  SCV  
  21  2:05  Factory  
  21  2:10  SCV  
  21  2:15  Refinery  
  22  2:18  Barracks Reactor  
  22  2:26  SCV  
  22  2:29  Supply Depot  
  23  2:51  SCV  
  23  2:54  Starport  
  24  3:08  Hellion x2  
  24  3:09  Orbital Command, Barracks Tech Lab  
  24  3:10  SCV  
  29  3:15  Barracks  
  29  3:22  SCV  
  29  3:25  Barracks  
  30  3:29  Hellion  
  30  3:30  Hellion  
  34  3:35  Medivac  
  36  3:41  Stimpack  
  36  3:47  SCV  
  36  3:48  SCV  
  38  3:52  Marine  
  39  3:59  SCV  
  40  4:05  Liberator  
  40  4:19  Marine x2  
  45  4:31  Barracks  
  44  4:40  SCV  
  44  4:41  SCV  
  44  4:44  Refinery  
  46  4:46  Barracks Tech Lab  
  46  4:47  Barracks Reactor  
  46  4:51  Barracks  
  46  5:01  Supply Depot  
  46  5:03  Supply Depot  
  46  5:06  Combat Shields  
  46  5:20  Supply Depot  
  46  5:22  Supply Depot, SCV x2  
  48  5:34  SCV x2  
  50  5:42  Supply Depot  
  50  5:53  Barracks Reactor, Barracks Tech Lab  
  50  5:56  Concussive Shells  
  50  5:57  Marine x3  
  50  5:58  Marine  
  50  6:00  Widow Mine  
  50  6:01  Widow Mine  
  50  6:02  SCV x2  
  60  6:30  Starport Reactor  
  62  6:33  Marauder x3, Marine x2  
  62  6:34  Marine x2  
  62  6:37  Refinery, SCV  
  62  6:38  SCV  
  72  6:49  Starport  
  72  6:50  Widow Mine  
  72  6:51  Marine x3  
  72  6:52  Widow Mine, Marine  
  82  6:54  Marauder x2  
  82  6:55  Marauder  
  86  7:04  Supply Depot  
  86  7:11  Engineering Bay  
  86  7:17  SCV x2, Medivac x2  
  86  7:20  Marauder  
  86  7:21  Marauder x2  
  86  7:22  Marine  
  98  7:23  Marine x2  
  98  7:29  SCV x2  
  103  7:37  Starport Reactor  
  103  7:43  Armory  
  101  7:46  Marauder, Armory, Engineering Bay  
  101  7:47  Marauder x2, Marine  
  105  8:16  Supply Depot  
  105  8:17  Liberator  
  105  8:21  Liberator x3  
  108  8:40  Terran Infantry Weapons Level 1, Terran Infantry Armor Level 1  
  117  8:54  Command Center  
  117  9:02  Missile Turret  
  114  9:10  Marine x4  
  118  9:29  Missile Turret  
  116  9:55  Supply Depot x2  
  116  9:58  Widow Mine  
  118  10:00  Liberator x4  
  118  10:16  Widow Mine, Refinery  
  118  10:17  SCV  
  118  10:18  Supply Depot  
  118  10:20  Supply Depot  
  133  10:22  Terran Ship Weapons Level 1  
  133  10:23  Terran Vehicle And Ship Armor Level 1  
  133  10:26  Refinery  
  133  10:41  Supply Depot  
  133  10:42  Orbital Command  
  133  10:43  Liberator  
  133  10:46  Missile Turret  
  133  10:50  Terran Infantry Weapons Level 2  
  133  10:51  Terran Infantry Armor Level 2  
  133  10:59  Liberator x2  
  133  11:02  Missile Turret  
  136  11:09  Liberator, SCV  
  137  11:14  SCV x2  
  148  11:49  Liberator  
  148  11:52  Liberator  
  152  11:54  Marauder x3, Marine x2  
  152  11:55  Marine  
  152  11:56  Marine  
  152  12:00  Liberator  
  161  12:11  Command Center  
  167  12:38  Widow Mine  
  167  12:39  Widow Mine  
  171  12:58  Starport  
  171  13:03  Terran Ship Weapons Level 2  
  171  13:04  Starport  
  171  13:07  Widow Mine  
  171  13:08  Terran Vehicle And Ship Armor Level 2  
  173  13:19  Fusion Core  
  173  13:22  Widow Mine  
  175  13:31  Planetary Fortress  
  175  13:34  Missile Turret  
  175  13:36  Widow Mine  
  177  13:42  Terran Infantry Weapons Level 3  
  177  13:51  Widow Mine  
  177  13:54  Terran Infantry Armor Level 3  
  171  14:04  Widow Mine  
  170  14:39  Command Center  
  120  15:36  SCV  
  104  16:03  Marauder x3  
  104  16:04  Marine x4  
  110  16:18  Liberator x2  
  108  16:21  Marine  
  108  16:22  Marine x2  
  108  16:24  Marauder  
  108  16:25  Marauder  
  89  16:32  Marauder  
  89  16:33  Marine  
  89  16:36  Starport Tech Lab  
  89  16:37  Starport Reactor  
  89  16:39  Marine x2  
  87  16:40  Marine  
  87  16:46  Marauder x2  
  93  16:51  Marine  
  96  16:54  Marauder  
Tags
 
Add a new tag
Caveats
  • Supply blocks, unpowered buildings, or Contaminate may cause inaccurate times.
  • Supply counts are checked every 10 seconds.